 Dungeon Crawl Stone Soup version 0.22.1-2-g9c5b331 (webtiles) character file.

202 MalarOregon the Sneak (level 5, -6/38 HPs)
             Began as a Merfolk Enchanter on Nov 26, 2018.
             Was a Follower of Nemelex Xobeh.
             Killed by divine providence
             ... invoked by an orc priest
              (14 damage)
             ... on level 4 of the Dungeon.
             The game lasted 00:11:53 (4674 turns).

MalarOregon the Sneak (Merfolk Enchanter)           Turns: 4674, Time: 00:11:53

Health: -6/38      AC:  3    Str:  8    XL:     5   Next: 80%
Magic:  0/8        EV: 11    Int: 19    God:    Nemelex Xobeh [*.....]
Gold:   175        SH:  4    Dex: 14    Spells: 1/9 levels left

rFire    . . .     SeeInvis .   a - +1 dagger
rCold    + . .     Gourm    .   g - -2 shield (curse)
rNeg     . . .     Faith    .   j - +1 robe
rPois    .         Spirit   .   (no helmet)
rElec    .         Reflect  .   (no cloak)
rCorr    .         Harm     .   (no gloves)
MR       .....                  (no boots)
Stlth    +++.......             (no amulet)
HPRegen  0.12/turn              h - +3 ring of intelligence
MPRegen  0.11/turn              o - ring of protection from cold

@: very slightly contaminated
A: change form in water, swift swim, stealthy swim
a: Renounce Religion


You were on level 4 of the Dungeon.
You worshipped Nemelex Xobeh.
Nemelex Xobeh was aware of your devotion.
You were not hungry.

You visited 1 branch of the dungeon, and saw 4 of its levels.

You collected 175 gold pieces.

Inventory:

Hand Weapons
 a - a +1 dagger (weapon)
Armour
 g - a cursed -2 shield (worn)
   (You found it on level 3 of the Dungeon)
 j - a +1 robe (worn)
   (You found it on level 2 of the Dungeon)
Jewellery
 h - a +3 ring of intelligence (left hand)
   (You found it on level 1 of the Dungeon)
 o - a ring of protection from cold (right hand)
   (You found it on level 2 of the Dungeon)
Scrolls
 c - a scroll of identify {@r1}
 l - a scroll of fog
Potions
 b - a potion of brilliance {unknown}
 f - 3 potions of curing {unknown}
 i - a potion of mutation {unknown}
Miscellaneous
 d - a plain deck of destruction {drawn: 3}
   (Nemelex Xobeh gifted it to you on level 2 of the Dungeon)
Comestibles
 e - 3 rations {!d}
 k - a chunk of flesh


   Skills:
 + Level 1.9 Fighting
 + Level 2.3 Short Blades
 + Level 3.9 Dodging
 + Level 3.9 Stealth
 * Level 0.4 Shields
 + Level 2.5 Spellcasting
 + Level 3.5 Hexes
 + Level 2.0 Ice Magic
 + Level 1.2 Invocations


You had one spell level left.
You knew the following spells:

 Your Spells              Type           Power        Failure   Level  Hunger
a - Ensorcelled Hibernat  Hex/Ice        ##....       45%         2    ##.....
c - Confuse               Hex            ###.....     58%         3    ###....
d - Tukima's Dance        Hex            ###.....     58%         3    ###....

Your spell library contained the following spells:

 Spells                   Type           Power        Failure   Level  Hunger
 Corona                   Hex            ###....      24%         1    #......
 Dazzling Spray           Conj/Hex       #.....       83%         3    ###....


Dungeon Overview and Level Annotations

Branches:
Dungeon (4/15)
 Temple: D:4-7

Altars:
Nemelex Xobeh


Message History

Your skin glows momentarily.
The orc hits you with a flail.
Aim: an orc, wielding a flail (chance to defeat MR: 61%)
You miscast Ensorcelled Hibernation.
A chill runs through your body. The orc barely misses you.
Aim: an orc, wielding a flail (chance to defeat MR: 61%)
The orc resists with significant effort.
You block the orc's attack.
Aim: an orc, wielding a flail (chance to defeat MR: 61%)
The orc looks drowsy...
The helpless orc fails to defend itself.
You puncture the orc!
You kill the orc!
Things that are here:
a flail; an orc corpse You butcher the orc corpse.
k - 3 chunks of flesh
Things that are here:
a flail; an orc skeleton
There is a stone staircase leading down, spattered with blood here.
You start resting.
Eating one of 3 chunks of flesh.
You eat one of the 3 chunks of flesh.
Eating one of 2 chunks of flesh.
You eat one of the 2 chunks of flesh.
Your magical contamination has completely faded away.
You start resting.
You climb downwards.
The orc priest calls down the wrath of Beogh upon you.
Pain shoots through your body!
There is a stone staircase leading up, spattered with blood here.
The orc priest invokes the aid of Beogh against you.
Pain shoots through your body!
The orc priest invokes the aid of Beogh against you.
Beogh smites you!
* * * LOW HITPOINT WARNING * * *
Aim: an orc priest, wielding a dagger (chance to defeat MR: 43%)
The orc priest resists with some effort.
Aim: an orc priest, wielding a dagger (chance to defeat MR: 43%)
The orc priest resists with some effort.
Aim: an orc priest, wielding a dagger (chance to defeat MR: 43%)
You miscast Ensorcelled Hibernation.
You are very lightly contaminated with residual magic.
Your skin tingles.
The orc priest invokes the aid of Beogh against you.
Beogh smites you!
* * * LOW HITPOINT WARNING * * *
Aim: an orc priest, wielding a dagger (chance to defeat MR: 43%)
You miscast Ensorcelled Hibernation.
Strange energies run through your body.
The orc priest mumbles some strange prayers to Beogh against you.
Beogh smites you!
You die...
Your body disappears without a glow.

########.#####.........#.#...
#...................##
#..........####.#.....
#..........####.......
###..........#..........
.........(.....#........
###........###.....<....
#.....o........#........
.#....@................
...........#####.####.##
###......<.# #..# .#
########## #.## .# .. .# ###
.#


You could see an orc priest.

Vanquished Creatures
  2 orc wizards (D:3)
  4 adders
  An ooze (D:1)
  3 dart slugs
  A leopard gecko (D:1)
  10 orcs
  2 giant cockroaches
  9 goblins
  6 hobgoblins
  3 jackals
  5 kobolds
  2 quokkas
  6 bats
  4 frilled lizards
  6 rats
64 creatures vanquished.

Vanquished Creatures (others)
  Natasha (D:4)
1 creature vanquished.

Grand Total: 65 creatures vanquished

Notes
Turn   | Place    | Note
-------+----------+-------------------------------------------
     0 | D:1      | MalarOregon the Merfolk Enchanter began the quest for the
                  | Orb.
     0 | D:1      | Reached XP level 1. HP: 13/13 MP: 3/3
   407 | D:1      | Reached XP level 2. HP: 20/20 MP: 3/5
   411 | D:1      | Learned a level 2 spell: Ensorcelled Hibernation
   833 | D:1      | Reached XP level 3. HP: 19/25 MP: 3/6
  1502 | D:2      | Found a sparkling altar of Nemelex Xobeh.
  1508 | D:2      | Became a worshipper of Nemelex Xobeh the Trickster
  1540 | D:2      | Reached skill level 1 in Ice Magic
  1562 | D:2      | Reached skill level 1 in Fighting
  1571 | D:2      | Received a gift from Nemelex Xobeh
  2189 | D:2      | Reached * piety under Nemelex Xobeh
  2394 | D:3      | Reached XP level 4. HP: 26/32 MP: 7/7
  2829 | D:3      | Reached XP level 5. HP: 37/37 MP: 8/8
  2844 | D:3      | Learned a level 3 spell: Confuse
  2848 | D:3      | Learned a level 3 spell: Tukima's Dance
  2965 | D:3      | Reached skill level 1 in Invocations
  4126 | D:4      | Noticed Natasha
  4142 | D:4      | Killed Natasha
  4674 | D:4      | Killed from afar by an orc priest

Skill      XL: |  1  2  3  4  5 |
---------------+----------------+-----
Dodging        | 3 |  3.9
Ice Magic      | 1 2 |  2.0
Fighting       | 1 |  1.9
Short Blades   | 2 |  2.3
Invocations    | 1 |  1.2
Stealth        | |  3.9
Shields        | |  0.4
Spellcasting   | |  2.5
Hexes          | |  3.5

Action                   |  1- 3 |  4- 6 || total
-------------------------+-------+-------++-------
Melee: Dagger            |   155 |    88 ||   243
 Cast: Corona            |     4 |       ||     4
       Ensorcelled Hiber |    11 |    28 ||    39
       Confuse           |       |     2 ||     2
Evoke: Deck              |       |     3 ||     3
  Use: Scroll            |     7 |     1 ||     8
 Stab: Distracted        |     2 |       ||     2
       Sleeping          |    13 |    13 ||    26
       Confused          |       |     1 ||     1
  Eat: Chunk             |     5 |     7 ||    12
       Ration            |       |     1 ||     1
Armor: Robe              |    27 |    10 ||    37
Dodge: Dodged            |   107 |    48 ||   155
Block: Shield            |       |    12 ||    12
